 Dungeon Crawl Stone Soup version 0.18.1-48-g4cf74bf (webtiles) character file.

160 tyranidshit the Grave Robber (level 5, -6/49 HPs)
             Began as a Deep Dwarf Necromancer on July 11, 2016.
             Killed by divine providence
             ... invoked by an orc priest
              (11 damage)
             ... on level 3 of the Dungeon.
             The game lasted 00:13:59 (1867 turns).

tyranidshit the Grave Robber (DDNe)                 Turns: 1867, Time: 00:14:00

Health: -6/49      AC:  2    Str: 12    XL:     5   Next: 17%
Magic:  1/19       EV: 12    Int: 16    God:
Gold:   104        SH:  0    Dex: 13    Spells: 2 memorised, 6 levels left

rFire  . . .     SeeInvis .     e - +1 whip
rCold  . . .     Gourm    .     a - +0 robe
rNeg   . . .     Faith    .     (no shield)
rPois  .         Spirit   .     (no helmet)
rElec  .         Dismiss  .     (no cloak)
rCorr  .         Reflect  .     (no gloves)
SustAt .         Harm     .     (no boots)
MR     .....                    (no amulet)
Stlth  +++.......               (no ring)
                                l - ring of magical power

@: very slightly contaminated, non-regenerating, not resistant to hostile
enchantments, fairly stealthy
A: damage resistance, recharge devices, camouflage 1, sense surroundings 1, slow
regeneration 3
a: Device Recharging


You were on level 3 of the Dungeon.
You were not hungry.

You visited 1 branch of the dungeon, and saw 3 of its levels.

You collected 104 gold pieces.

Inventory:

Hand Weapons
 e - a +1 whip (weapon)
 g - a +0 dagger of draining
 t - a +0 blowgun
Missiles
 v - 6 poisoned needles
Armour
 a - a +0 robe (worn)
Jewellery
 l - a ring of magical power (left hand)
 r - an uncursed amulet of faith
Wands
 c - a wand of heal wounds (5/9)
Scrolls
 o - 2 scrolls of enchant weapon
 p - a scroll of magic mapping {unknown}
 q - 3 scrolls of teleportation {unknown}
 s - 4 scrolls of remove curse {unknown}
 w - a scroll of blinking {unknown}
Potions
 i - 3 potions of curing
 k - 2 potions of haste
 m - a potion of mutation {unknown}
 u - 2 potions of agility {unknown}
Books
 b - a book of Necromancy

   Spells                             Type                      Level
   a - Pain                           Necromancy                   1
   b - Animate Skeleton               Necromancy                   1
   c - Vampiric Draining              Necromancy                   3
   d - Regeneration                   Charms/Necromancy            3
   e - Animate Dead                   Necromancy                   4
   f - Control Undead                 Necromancy                   4
Comestibles
 d - 4 bread rations
 f - 2 slices of pizza
 h - 2 meat rations
 j - 2 fruits
 n - a beef jerky
 x - a chunk of flesh


   Skills:
 + Level 3.1 Fighting
 - Level 2.1 Dodging
 - Level 2.4 Stealth
 + Level 3.3 Spellcasting
 - Level 4.3 Necromancy


You had 6 spell levels left.
You knew the following spells:

 Your Spells              Type           Power        Failure   Level  Hunger
a - Pain                  Necr           ###.         3%          1    None
b - Vampiric Draining     Necr           ###.......   12%         3    ###....


Dungeon Overview and Level Annotations

Branches:
Dungeon (3/15)

Altars:
Elyvilon
The Shining One


Innate Abilities, Weirdness & Mutations

You are resistant to damage.
You can recharge devices by infusing magical energy.
You passively map a small area around you.
You do not regenerate naturally.
Your skin changes colour to match your surroundings (Stealth).


Message History

You kill the orc!
You hit the giant newt.
You kill the giant newt!
You closely miss the orc.
The orc hits you with an enchanted dagger.
Casting: Pain
Confirm with . or Enter, or press ? or * to list all spells.
Aiming: Pain
Press: ? - help, Shift-Dir - straight line, f - orc
Aim: an orc, wielding an enchanted dagger (chance to defeat MR: 93%)
The orc convulses in agony!
You kill the orc!
The rat twitches its whiskers.
The orc priest invokes the aid of Beogh against you.
Beogh smites you!
* * * LOW HITPOINT WARNING * * *
The rat twitches its whiskers.
The orc priest calls down the wrath of Beogh upon you.
Beogh smites you!
You die...

.........#.##.# #...........⌠.
...>.......##.######...###.......
?.....#.##.##.#...........<......
.#....#.##.##())..............._.
.....##.##.####..............#...
.....##.##.# ######.........####
.....##.##.#########...#######
###....).o..)gr..#.......#
*#.#.##.##.#####@#.#...#.#
#.###.#.##.#####.#.#...#.# .#
##..##.##..†......##.## #.*
#.#.##.##†##.#........#
#.#....##.......#........# *
#.########.###.#........# ## #.##
##.......#.####### #.
#....#..........# #.#
#....##.#.#####.#


You could see an orc priest, a hobgoblin and a rat.

Vanquished Creatures
  Natasha (D:3)
  6 adders
  A gnoll (D:1)
  2 worms
  A dart slug (D:2)
  3 orcs (D:3)
  A giant cockroach (D:1)
  6 goblins
  5 hobgoblins
  8 jackals
  7 kobolds
  2 quokkas
  2 ball pythons
  7 bats
  3 giant newts
  8 rats
63 creatures vanquished.

Notes
Turn   | Place    | Note
--------------------------------------------------------------
     0 | D:1      | tyranidshit the Deep Dwarf Necromancer began the quest for the Orb.
     0 | D:1      | Reached XP level 1. HP: 15/15 MP: 3/3
   212 | D:1      | Reached skill level 1 in Fighting
   212 | D:1      | Reached XP level 2. HP: 23/25 MP: 0/5
   696 | D:1      | Gained mutation: Your skin changes colour to match your surroundings (Stealth). [potion of beneficial mutation]
   781 | D:2      | Reached XP level 3. HP: 31/31 MP: 4/6
   786 | D:2      | Learned a level 3 spell: Vampiric Draining
  1157 | D:2      | Reached XP level 4. HP: 30/39 MP: 1/8
  1554 | D:3      | Found a glowing golden altar of the Shining One.
  1554 | D:3      | Found a white marble altar of Elyvilon.
  1741 | D:3      | Noticed Natasha
  1750 | D:3      | Killed Natasha
  1750 | D:3      | Reached XP level 5. HP: 40/49 MP: 4/9
  1867 | D:3      | Killed from afar by an orc priest

Skill      XL: |  1  2  3  4 |
---------------+-------------+-----
Spellcasting   | 2 3 |  3.3
Fighting       | 1 2 3 |  3.1
Dodging        | |  2.1
Stealth        | |  2.4
Necromancy     | |  4.3

Action                   |  1- 3 |  4- 6 || total
-------------------------+-------+-------++-------
Melee: Whip              |    24 |    42 ||    66
 Fire: Blowgun           |       |    23 ||    23
 Cast: Pain              |    41 |     9 ||    50
       Vampiric Draining |    12 |    22 ||    34
  Use: Potion            |     3 |       ||     3
       Scroll            |     2 |       ||     2
 Stab: Sleeping          |     1 |       ||     1
  Eat: Bread ration      |     1 |     1 ||     2
Armor: Robe              |    12 |    14 ||    26
Dodge: Dodged            |    43 |    39 ||    82
